cohdb
Replays
Latest Replays
All Replays
Popular Replays
Top Player Replays
Match Explorer
How It Works
Community
CoH3 Stats
Reddit
Sign in to upload your games and track your stats! →
Sign in with Steam
Match 43507465
Unlisted
Match 43507465
Overview
Messages
Build Orders
End
Construct Barracks
Riflemen Squad
Riflemen Squad
1⁄4-ton 4x4 Truck
Infantry Support Center
Grenade Package
Riflemen Squad
Engineer Squad
Construct Medical Station
M1918 Browning Automatic Rifles
Construct Weapon Support Center
Bazooka Squad
Selects Heavy Weapons
Selects Assault Carriers
M3 Assault Carrier
Selects Exchangeable Parts
M1 Mortar Team
Construct Motor Pool
Construct Tank Depot
M4A1 Sherman Medium Tank
Advanced Logistics
Engineer Squad
Engineer Squad
Selects M26 Pershing Heavy Tank
Selects M2HB .50cal Heavy Machine Gun
M26 Pershing Heavy Tank
M18 Hellcat Tank Destroyer
Engineer Squad
Selects Rapid Reposition
只愛❤毛妹
Engineeeeeeeeeeeeer
0
0
Comments
sign in to comment!
No comments posted yet!